 Dungeon Crawl Stone Soup version 0.31-a0-664-g902f515 (webtiles) character file.

Game seed: 15043080595592094083

221654 Rogue the Thaumaturge (level 18, -3/95 HPs)
             Began as a Spriggan Brigand on Aug 30, 2023.
             Was the Champion of Okawaru.
             Killed from afar by a deep elf sorcerer (38 damage)
             ... with damnation
             ... on level 3 of the Elven Halls on Sept 2, 2023.
             The game lasted 08:19:35 (45840 turns).

Rogue the Thaumaturge (Spriggan Brigand)           Turns: 45840, Time: 08:19:36

Health: -3/95      AC: 12    Str:  7    XL:     18   Next: 51%
Magic:  12/37      EV: 27    Int: 22    God:    Okawaru [******]
Gold:   441        SH: 15    Dex: 33    Spells: 10/46 levels left

rFire   + . .        V - +8 arc blade {discharge, rElec}
rCold   + . .        j - +3 buckler {AC+3}
rNeg    . . .        B - +5 robe of Night {Dark Will+ SInv}
rPois   +            R - +2 hat of the Ward {Harm Rampage Str-5 Int+2 Dex+5}
rElec   +            m - scarf of Surprise {repulsion, Str+4}
rCorr   +            (gloves unavailable)
SInv    +            (boots unavailable)
Will    ++++.        y - amulet "Laurchuaph" {Reflect rF+ Regen+ Int-2 Slay+5 SH+5}
Stlth   +++++        k - ring of Ibreofob {Wiz +Blink rPois rC+ Dex+3}
HPRegen 1.15/turn    D - ring "Itzaumee" {rCorr Int+6 Dex+3}
MPRegen 0.25/turn

%: harm (+30% outgoing, +20% incoming), repel missiles, reflection, rampage,
wizardry (x1)
@: very quick
A: very small, no large weapons, unfitting armour, see invisible, speed 3, agile
1
}: 1/15 runes: serpentine
a: Renounce Religion, Evoke Blink, Heroism, Finesse, Duel


You were on level 3 of the Elven Halls.
You worshipped Okawaru.
Okawaru was exalted by your worship.
You visited 6 branches of the dungeon, and saw 30 of its levels.

You collected 3483 gold pieces.
You spent 3042 gold pieces at shops.

Inventory:

Hand Weapons
 A - the +7 quick blade of Dishonesty {heavy, *Rage rPois rC+++ rN+}
   (Okawaru gifted it to you on level 5 of the Lair of Beasts)

   rC+++:     It renders you almost immune to cold.
   rPois:     It protects you from poison rN+: It protects you from negative
   energy.
   *Rage:     It berserks you when you make melee attacks (+20% chance).
 F - the +4 short sword of Esogef {freeze, rCorr Dex+5}
   (Okawaru gifted it to you on level 4 of the Snake Pit)

   Dex+5:     It affects your dexterity (+5).
   rCorr:     It protects you from acid and corrosion.
 V - the +8 arc blade (weapon) {discharge, rElec}
   (You acquired it on level 1 of the Lair of Beasts)

   rElec:     It insulates you from electricity.
Missiles
 d - 53 poisoned darts
 e - a curare-tipped dart
 i - 17 boomerangs
 u - a throwing net
 G - 5 atropa-tipped darts (quivered)
 O - 7 darts of dispersal
Armour
 j - a +3 buckler of protection (worn)
 l - a +2 cloak of preservation
 m - the scarf of Surprise (worn) {repulsion, Str+4}
   (Okawaru gifted it to you on level 4 of the Lair of Beasts)

   Str+4:     It affects your strength (+4).
 t - a +1 troll leather armour
 B - the +5 robe of Night (worn) {Dark Will+ SInv}
   (Okawaru gifted it to you on level 3 of the Snake Pit)

   Dark:      It shrouds the wearer in darkness, reducing the range at which
   they can see and be seen by others.
   Will+:     It increases your willpower.
   SInv:      It lets you see invisible.
 M - a +2 hat
 R - the +2 hat of the Ward (worn) {Harm Rampage Str-5 Int+2 Dex+5}
   (Okawaru gifted it to you on level 4 of the Snake Pit)

   Str-5:     It affects your strength (-5).
   Int+2:     It affects your intelligence (+2).
   Dex+5:     It affects your dexterity (+5).
   Harm:      It increases damage dealt and taken.
   Rampage:   It bestows one free step when moving towards enemies.
Jewellery
 a - a +6 ring of intelligence
 k - the ring of Ibreofob (left hand) {Wiz +Blink rPois rC+ Dex+3}
   (You bought it in a shop on level 3 of the Dungeon)

   [ring of wizardry]

   Wiz:       It improves your spell success rate.
   Dex+3:     It affects your dexterity (+3).
   rC+:       It protects you from cold.
   rPois:     It protects you from poison +Blink: It lets you blink.
 y - the amulet "Laurchuaph" (around neck) {Reflect rF+ Regen+ Int-2 Slay+5 SH+5}
   (You found it on level 3 of the Snake Pit)

   [amulet of reflection]

   Reflect:   It reflects blocked missile attacks.
   Int-2:     It affects your intelligence (-2).
   Slay+5:    It affects your accuracy & damage with ranged weapons and melee
   (+5).
   rF+:       It protects you from fire.
   Regen+:    It increases your rate of health regeneration.
   SH+5:      It affects your SH (+5).
 D - the ring "Itzaumee" (right hand) {rCorr Int+6 Dex+3}
   (You bought it in a shop on level 3 of the Dungeon)

   [ring of intelligence]

   Int+6:     It affects your intelligence (+6).
   Dex+3:     It affects your dexterity (+3).
   rCorr:     It protects you from acid and corrosion.
 E - the ring of Lugonu's Delight {Fly rC+ rCorr Int+4 Stlth-}
   (You found it on level 4 of the Snake Pit)

   [ring of resist corrosion]

   Int+4:     It affects your intelligence (+4).
   rC+:       It protects you from cold.
   Fly:       It grants you flight.
   rCorr:     It protects you from acid and corrosion.
   Stlth-:    It makes you less stealthy.
 I - the ring "Ocunen" {*Slow rF++ AC+4}
   (You acquired it on level 2 of the Snake Pit)

   [ring of protection]

   AC+4:      It affects your AC (+4).
   rF++:      It greatly protects you from fire.
   *Slow:     It may slow you when you take damage.
Wands
 b - a wand of polymorph (11)
 c - a wand of flame (9)
 H - a wand of quicksilver (8)
 Y - a wand of iceblast (3)
 Z - a wand of digging (22)
Scrolls
 g - 10 scrolls of fear
 n - 13 scrolls of teleportation
 r - a scroll of vulnerability
 s - 5 scrolls of immolation
 w - 4 scrolls of poison
 x - 5 scrolls of blinking
 N - a scroll of enchant armour
 P - 3 scrolls of revelation
 T - 2 scrolls of silence
 W - a scroll of fog
Potions
 f - 4 potions of enlightenment
 h - 10 potions of curing
 o - 6 potions of heal wounds
 q - 4 potions of berserk rage
 v - 3 potions of haste
 z - 2 potions of cancellation
 C - 2 potions of invisibility
 K - 4 potions of brilliance
 L - 5 potions of lignification
 Q - 3 potions of ambrosia
 S - a potion of might
 U - 3 potions of resistance
 X - a potion of magic
Miscellaneous
 p - a phial of floods
 J - a tin of tremorstones (1/2)


   Skills:
 * Level 10.9 Fighting
 + Level 9.6(9.7) Short Blades
 + Level 1.3(4.8) Long Blades
 + Level 0.1 Staves
 + Level 7.2 Ranged Weapons
 - Level 5.4 Throwing
 + Level 3.1 Armour
 + Level 7.5 Dodging
 - Level 10.0 Stealth
 * Level 3.3 Shields
 + Level 14.5 Spellcasting
 + Level 7.1 Conjurations
 * Level 11.1 Hexes
 * Level 6.1 Necromancy
 + Level 10.7 Translocations
 + Level 10.7 Transmutations
 + Level 0.3 Fire Magic
 + Level 3.2 Ice Magic
 + Level 5.2 Air Magic
 + Level 7.0 Earth Magic
 + Level 2.0 Poison Magic
 * Level 12.3 Invocations
 + Level 9.7 Evocations


You had 10 spell levels left.
You knew the following spells:

 Your Spells              Type           Power      Damage    Failure   Level
b - Passwall              Tmut/Erth      44%        N/A       1%          2
c - Stone Arrow           Conj/Erth      94%        3d12      1%          3
d - Vhi's Electric Charg  Tloc/Air       100%       N/A       1%          4
e - Mephitic Cloud        Conj/Pois/Air  37%        N/A       1%          3
f - Ensorcelled Hibernat  Hex/Ice        94%        N/A       1%          2
g - Anguish               Hex/Necr       26%        N/A       1%          4
h - Ignite Poison         Fire/Tmut/Pois 35%        N/A       1%          3
i - Vampiric Draining     Necr           43%        2d9       1%          3
j - Freezing Cloud        Conj/Ice/Air   19%        6-21      8%          5
k - Enfeeble              Hex            30%        N/A       21%         7

Your spell library contained the following spells:

 Spells                   Type           Power      Damage    Failure   Level
 Magic Dart               Conj           100%       1d8       1%          1
 Necrotise                Necr           100%       1d9       1%          1
 Sandblast                Erth           94%        2d19      1%          1
 Sting                    Tmut/Pois      100%       1d8       1%          1
 Blink                    Tloc           100%       N/A       1%          2
 Cigotuvi's Dreadful Rot  Necr/Pois/Air  70%        N/A       1%          2
 Lesser Beckoning         Tloc           100%       N/A       1%          2
 Momentum Strike          Conj/Tloc      100%       3d10      1%          2
 Poisonous Vapours        Pois/Air       64%        N/A       1%          2
 Searing Ray              Conj           94%        2d7       1%          2
 Sublimation of Blood     Necr           43%        N/A       1%          2
 Wereblood                Tmut           59%        N/A       1%          2
 Inner Flame              Hex/Fire       41%        N/A       1%          3
 Cause Fear               Hex            30%        N/A       1%          4
 Fulminant Prism          Conj/Hex       27%        3d14      1%          4
 Iskenderun's Battlesphe  Conj           47%        2d10      3%          5
 Borgnjor's Vile Clutch   Necr/Erth      22%        N/A       4%          5
 Flame Wave               Conj/Fire      32%        2d9       5%          4
 Sticky Flame             Conj/Fire      32%        2d5       5%          4
 Agony                    Necr           43%        N/A       5%          5
 Arcjolt                  Conj/Air       21%        1d31      5%          5
 Olgreb's Toxic Radiance  Pois           24%        N/A       11%         4
 Fireball                 Conj/Fire      16%        3d8       14%         5
 Conjure Ball Lightning   Conj/Air       21%        3x3d6     26%         6
 Orb of Destruction       Conj           23%        9d8       69%         7
 Plasma Beam              Fire/Air       14%        2x1d25    71%         6
 Discord                  Hex            30%        N/A       82%         8
 Ignition                 Fire           8%         3d5       100%        8
 Animate Dead             Necr           Unusable   N/A       N/A         4
 Call Imp                 Summ           Unusable   N/A       N/A         2
 Death Channel            Necr           Unusable   N/A       N/A         6
 Malign Gateway           Summ/Tloc      Unusable   N/A       N/A         7
 Summon Hydra             Summ           Unusable   N/A       N/A         7

Dungeon Overview and Level Annotations

Branches:
Dungeon (15/15)            Temple (1/1) D:5            Lair (5/5) D:8
  Swamp (0/4) Lair:3        Snake (4/4) Lair:3        Slime (0/5) Lair:5
    Orc (2/2) D:12            Elf (3/3) Orc:2        Vaults (0/5) D:13
 Depths (0/4) D:15

Altars:
Ashenzari
Cheibriados
Dithmenos
Elyvilon
Fedhas
Gozag
Hepliaklqana
Kikubaaqudgha
Makhleb
Nemelex Xobeh
Okawaru
Qazlal
Ru
Sif Muna
Trog
Uskayaw
Vehumet
Wu Jian
Xom
Yredelemnul
Zin
The Shining One
Jiyva
Lugonu

Shops:
D:1 *?((!   D:3 (=:*   D:5 ?   D:13 :*   Orc:2 ?[[*   Elf:1 ::=

Portals:
Abyss: D:14 Lair:5

Annotations:
D:13 fire dragon scales, 1 exclusion
D:14 2 transporters, mow in exlusion, pot. of mut., Granite talisman., 3 exclusions, Radamante's ghost, journeyman MiFi
Elf:2 3 runed translucent doors


Innate Abilities, Weirdness & Mutations

You are very small and have problems with some larger weapons.
You are too small for most types of armour.
You have supernaturally acute eyesight. (SInv)
You cover ground extremely quickly. (Speed+++)
You are agile. (Dex +4, Str/Int -1)


Message History

The deep elf archer wields a +0 shortbow.
The deep elf archer shoots an arrow.
The arrow hits you!
The deep elf sorcerer is engulfed in freezing vapours.
The deep elf death mage is engulfed in noxious fumes.
You hear a shout!
Casting: Freezing Cloud (dangerous; 8% risk of failure)
Confirm with . or Enter, or press ? or * to list all spells.
Aiming: Stone Arrow (safe; 1% risk of failure)
Press: ? - help, Shift-Dir - straight line, f - deep elf sorcerer, p - deep elf archer
Aim: a deep elf sorcerer, wielding a +0 long sword (freezing vapour, lightly wounded, 67% to hit)
The stone arrow hits the deep elf sorcerer!
The deep elf sorcerer is moderately wounded.
The deep elf sorcerer is engulfed in freezing vapours.
The deep elf sorcerer mumbles some strange words.
The deep elf sorcerer seems to speed up.
The deep elf death mage is engulfed in noxious fumes.
The deep elf death mage appears confused.
The deep elf archer is engulfed in freezing vapours.
You kill the deep elf archer!
Okawaru accepts your kill. Okawaru grants you a weapon!
Something appears at your feet!
You see here a +3 short sword of electrocution.
Unknown command.
Casting: Stone Arrow (safe; 1% risk of failure)
Confirm with . or Enter, or press ? or * to list all spells.
Aiming: Stone Arrow (safe; 1% risk of failure)
Press: ? - help, Shift-Dir - straight line, f/p - deep elf sorcerer
Aim: a deep elf sorcerer, wielding a +0 long sword (freezing vapour, heavily wounded, fast, 67% to hit)
The stone arrow misses the deep elf sorcerer.
The deep elf sorcerer is engulfed in freezing vapours.
The deep elf sorcerer points at you and mumbles some strange words.
The sphere of damnation explodes!
The damnation engulfs you!!!
Ouch! That really hurt!
The deep elf death mage is engulfed in noxious fumes.
You hear a shout! x7
The deep elf sorcerer is engulfed in freezing vapours.
The deep elf sorcerer casts a spell at you.
The sphere of damnation explodes!
The damnation engulfs you!!
You die...

#.....(...##
##.## ##.
#########.)###
#.# ## ##.).#
### # ###.#
#.# #.# #.#
#.# #@# #)#
###§###
###..§§.###
#...[.°§..#
.../°.ee§..
......§§§§.
....)).....
.....#...e.


You could see a deep elf death mage (confused) and a deep elf sorcerer (fast).

Vanquished Creatures
  Vashnia (Snake:4)
  Rupert (D:14)
  A deep elf master archer (Elf:3)
  2 deep elf blademasters (Elf:3)
  The ghost of Xakkaofoa the Severer, an adept MeFi of the Shining One (Snake:4)
  Kirke (Snake:4)
  4 nagarajas
  Roxanne (D:14)
  Louise (Elf:3)
  A deep elf demonologist (Elf:2)
  A deep elf annihilator (Elf:3)
  An eleionoma (Lair:3)
  Snorg (Orc:1)
  Josephine (D:12)
  A great orb of eyes (D:15)
  The ghost of kickassninja the Geomancer, a journeyman GrEE of Vehumet (Lair:1)
  4 hydras
  11 vault guards
  7 salamander tyrants
  A catoblepas (Lair:4)
  21 anacondas
  4 boulder beetles
  2 centaur warriors (D:14)
  A jorogumo (shapeshifter) (D:8)
  2 two-headed ogres
  3 death yaks
  6 dancing weapons
  The ghost of PiratePeteNZ the Blocker, a novice GnFi of Okawaru (D:9)
  14 naga warriors
  4 orc high priests
  7 shock serpents
  2 tengu warriors (D:15)
  3 thrashing horrors (Lair:5)
  12 naga sharpshooters
  4 deep elf knights
  6 salamander mystics
  A sea snake (Snake:1)
  8 deep elf archers
  A wizard (D:13)
  8 naga ritualists
  5 lindwurms (Snake:4)
  16 deep elf pyromancers
  4 orc knights (Orc:2)
  An oklob plant (Lair:2)
  19 deep elf zephyrmancers
  A wolf spider (D:13)
  10 ugly things
  14 mana vipers
  6 orc sorcerers
  4 cyclopes
  4 manticores
  A salamander (shapeshifter) (D:15)
  26 salamanders
  A vault sentinel (Elf:2)
  5 elephants
  44 black mambas
  Joseph (D:8)
  An ice statue (D:10)
  3 gargoyles
  15 naga magi
  7 guardian serpents
  10 cane toads
  4 smoke demons (Lair:5)
  4 kobold demonologists
  A yaktaur (shapeshifter) (D:15)
  An unseen horror (D:8)
  A rime drake (Lair:3)
  An efreet (D:13)
  10 komodo dragons
  A freezing wraith (D:13)
  A polar bear (shapeshifter) (Elf:2)
  3 polar bears
  4 trolls
  2 meliai (D:15)
  2 hornets (D:9)
  3 raiju (Lair:5)
  23 blink frogs
  7 dream sheep (Lair:5)
  A ynoxinul (Lair:5)
  6 large abominations
  8 wraiths
  17 slime creatures
  7 water elementals (Elf:1)
  2 air elementals (Elf:1)
  A culicivora (shapeshifter) (D:15)
  48 yaks
  6 shadows
  2 vampires (D:12)
  7 hogs (Snake:4)
  Grum (D:11)
  7 wyverns
  4 basilisks
  A chaos spawn (Lair:5)
  4 wargs
  13 water moccasins
  An acid dragon (D:12)
  44 nagas
  28 orc warriors
  2 black bears
  7 ogres
  18 wolves
  2 phantoms
  15 centaurs
  6 kobold brigands
  18 small abominations
  A bullfrog (shapeshifter) (Lair:5)
  3 earth elementals
  2 gnoll sergeants (D:9)
  2 scorpions (D:5)
  12 bullfrogs
  13 wights
  3 killer bees
  5 electric eels
  15 howler monkeys
  3 jellies
  5 hounds
  Crazy Yiuf (D:2)
  5 iguanas
  11 orc priests
  Jessica (D:2)
  A sleepcap (D:5)
  26 orc wizards
  A boggart simulacrum (D:15)
  4 adders
  2 shadow imps
  A white imp (D:8)
  2 ufetubi
  4 dart slugs
  66 orcs
  5 ball pythons
  6 endoplasms
  4 giant cockroaches (D:4)
  5 hobgoblins
  5 jackals
  2 quokkas
  3 frilled lizards (D:1)
  3 goblins
  16 kobolds
  5 rats
938 creatures vanquished.

Vanquished Creatures (others)
  A vault guard (D:13)
  A hydra (D:14)
  2 naga sharpshooters
  A deep elf archer (Elf:2)
  A mana viper (Snake:3)
  A black mamba (Snake:1)
  A komodo dragon (Lair:4)
  A naga (Snake:1)
  2 orcs
11 creatures vanquished.

Grand Total: 949 creatures vanquished

Notes
Turn   | Place    | Note
-------+----------+-------------------------------------------
     0 | D:1      | Rogue the Spriggan Brigand began the quest for the Orb.
     0 | D:1      | Reached XP level 1. HP: 10/10 MP: 2/2
    39 | D:1      | Found Pipleal's Distillery.
   163 | D:1      | Found Zeatrem's Antique Weapon Shoppe.
   180 | D:1      | Reached XP level 2. HP: 12/14 MP: 3/3
   182 | D:1      | Learned a level 1 spell: Sandblast
   201 | D:1      | Found Patruoz's General Store.
   221 | D:1      | Found Zaplymell's Magic Scroll Shop.
   311 | D:1      | Found Afal's Weapon Boutique.
   650 | D:1      | Found a faded altar of an unknown god.
   697 | D:1      | Bought a potion of curing for 39 gold pieces
   711 | D:2      | Noticed Jessica
  1031 | D:2      | Reached skill level 1 in Spellcasting
  1311 | D:2      | Found a shimmering altar of Xom.
  1368 | D:2      | Killed Jessica
  1369 | D:2      | Reached XP level 3. HP: 18/18 MP: 5/5
  1401 | D:2      | Found a runed translucent door.
  1402 | D:2      | Noticed Crazy Yiuf
  1465 | D:2      | Killed Crazy Yiuf
  1466 | D:2      | Reached XP level 4. HP: 23/23 MP: 5/7
  1571 | D:1      | Bought a scroll of teleportation for 33 gold pieces
  1631 | D:3      | Found Namumetz's Weapon Emporium.
  1643 | D:3      | Learned a level 2 spell: Passwall
  1683 | D:3      | Found Tiareazo's Book Shop.
  1699 | D:3      | Found Uniennon's General Store.
  1709 | D:3      | Found a snail-covered altar of Cheibriados.
  1725 | D:3      | Identified the +6 spear of the Several Souls {flame, rN+
                  | Str+4 Dex-3 Stlth+}
  1907 | D:3      | Found a shadowy altar of Dithmenos.
  2072 | D:3      | Found Saom's Jewellery Emporium.
  2274 | D:3      | Reached skill level 1 in Ranged Weapons
  2535 | D:3      | Found a glowing golden altar of the Shining One.
  2606 | D:1      | Bought a potion of heal wounds for 65 gold pieces
  2646 | D:4      | Noticed an ogre
  2647 | D:4      | Killed an ogre
  2648 | D:4      | Reached skill level 2 in Spellcasting
  2648 | D:4      | Reached skill level 1 in Transmutations
  2648 | D:4      | Reached XP level 5. HP: 26/26 MP: 7/9
  2814 | D:4      | Noticed an ogre
  3122 | D:4      | Found a shimmering blue altar of Sif Muna.
  3236 | D:4      | Killed an ogre
  3237 | D:4      | Reached XP level 6. HP: 32/32 MP: 7/11
  3446 | D:4      | Reached skill level 3 in Spellcasting
  3583 | D:4      | Found a radiant altar of Vehumet.
  3583 | D:4      | Found a faded altar of an unknown god.
  3591 | D:4      | Found a blossoming altar of Fedhas.
  3593 | D:4      | Found a faded altar of an unknown god.
  3595 | D:4      | Found a glowing silver altar of Zin.
  3677 | D:4      | Reached skill level 1 in Earth Magic
  3733 | D:4      | Reached XP level 7. HP: 35/35 MP: 13/13
  3778 | D:4      | Found a basalt altar of Yredelemnul.
  4058 | D:1      | Bought a scroll of blinking for 82 gold pieces
  4141 | D:5      | Entered Level 5 of the Dungeon
  4142 | D:5      | Found Uxketux's Magic Scroll Shop.
  4316 | D:5      | Reached skill level 4 in Spellcasting
  4374 | D:5      | Found a staircase to the Ecumenical Temple.
  4381 | Temple   | Entered the Ecumenical Temple
  4389 | Temple   | Became a worshipper of Warmaster Okawaru
  4741 | D:5      | Learned a level 3 spell: Stone Arrow
  4889 | D:5      | Noticed a gargoyle
  4920 | D:5      | Reached skill level 1 in Invocations
  4931 | D:5      | Reached * piety under Okawaru
  4932 | D:5      | Reached XP level 8. HP: 40/40 MP: 15/15
  5018 | D:5      | Killed a gargoyle
  5404 | D:5      | Bought a scroll of identify for 26 gold pieces
  5741 | D:6      | Found a burning altar of Makhleb.
  5768 | D:6      | Reached ** piety under Okawaru
  5893 | D:7      | Found a shimmering altar of Xom.
  5943 | D:7      | Reached skill level 5 in Short Blades
  6036 | D:7      | Identified the +4 quarterstaff "Kiclip" {protect, rElec
                  | rCorr MP+9 Dex-5}
  6592 | D:1      | Bought a potion of invisibility for 104 gold pieces
  7054 | D:8      | Found a large runed translucent door.
  7055 | D:8      | Found a large runed translucent door.
  7059 | D:8      | Found an opulent altar of Gozag.
  7061 | D:8      | Noticed a kobold demonologist
  7096 | D:8      | Noticed a gargoyle
  7098 | D:8      | Reached skill level 5 in Spellcasting
  7098 | D:8      | Reached XP level 9. HP: 45/45 MP: 17/17
  7181 | D:8      | Noticed Joseph
  7253 | D:8      | Noticed a two-headed ogre
  7385 | D:8      | Noticed an unseen horror
  7390 | D:8      | Killed an unseen horror
  7391 | D:8      | Reached skill level 5 in Transmutations
  7498 | D:8      | Found a staircase to the Lair.
  7562 | D:8      | Killed Joseph
  7785 | D:8      | Killed a two-headed ogre
  7785 | D:8      | Reached *** piety under Okawaru
  7786 | D:8      | Reached skill level 6 in Spellcasting
  7831 | D:8      | Identified the +7 chain mail of the Fresh God {rF- rC+++
                  | Will+}
  7924 | D:8      | Found a large runed translucent door.
  7924 | D:8      | Found a large runed translucent door.
  7924 | D:8      | Noticed a broodmother
  7928 | D:8      | a broodmother changed into a jorogumo
  7928 | D:8      | Noticed a jorogumo (shapeshifter)
  7945 | D:8      | Killed a jorogumo
  7945 | D:8      | Received a gift from Okawaru
  7946 | D:8      | Reached skill level 5 in Fighting
  7946 | D:8      | Reached skill level 1 in Conjurations
  7946 | D:8      | Reached XP level 10. HP: 37/51 MP: 13/20
  8177 | D:8      | Killed a gargoyle
  8261 | D:8      | Identified the +7 eveningstar "Death Rattle" {flame, rPois
                  | rN+}
  8426 | D:8      | Reached skill level 5 in Ranged Weapons
  9007 | D:8      | Reached **** piety under Okawaru
  9034 | D:8      | Reached skill level 7 in Spellcasting
  9163 | D:1      | Bought a potion of brilliance for 52 gold pieces
  9896 | D:9      | Received a gift from Okawaru
 10444 | D:9      | Reached skill level 5 in Throwing
 10604 | D:9      | Found an ornate altar of the Wu Jian Council.
 10634 | D:9      | Reached skill level 5 in Invocations
 10634 | D:9      | Noticed a rust devil
 10636 | D:9      | Received a gift from Okawaru
 10637 | D:9      | Reached XP level 11. HP: 30/56 MP: 8/23
 10934 | D:9      | Paralysed by a hornet for 3 turns
 11127 | D:9      | Found a runed translucent gate.
 11127 | D:9      | Found a runed translucent gate.
 11127 | D:9      | Found a runed translucent gate.
 11128 | D:9      | Noticed PiratePeteNZ's ghost (novice GnFi)
 11129 | D:9      | Noticed an 11-headed hydra
 11337 | D:9      | Received a gift from Okawaru
 11542 | D:9      | Killed an 11-headed hydra
 11543 | D:9      | Reached skill level 5 in Earth Magic
 11543 | D:9      | Reached skill level 1 in Evocations
 11565 | D:9      | Killed PiratePeteNZ's ghost
 11694 | D:10     | Entered Level 10 of the Dungeon
 11903 | D:10     | Learned a level 4 spell: Vhi's Electric Charge
 12077 | D:10     | Found a sacrificial altar of Ru.
 12200 | D:10     | Reached skill level 1 in Translocations
 12262 | D:10     | Noticed a two-headed ogre
 12295 | D:10     | Noticed a boulder beetle
 12295 | D:10     | Noticed an eight-headed hydra
 12296 | D:10     | Killed a two-headed ogre
 12297 | D:10     | Reached skill level 8 in Spellcasting
 12333 | D:10     | Reached ***** piety under Okawaru
 12416 | D:10     | Killed an eight-headed hydra
 12452 | D:10     | Killed a boulder beetle
 13287 | D:11     | Found a blossoming altar of Fedhas.
 13494 | D:11     | Received a gift from Okawaru
 13712 | D:11     | Reached XP level 12. HP: 62/62 MP: 25/25
 13896 | D:11     | Noticed Grum
 14034 | D:11     | Killed Grum
 14539 | D:12     | Received a gift from Okawaru
 14820 | D:12     | Noticed Josephine
 15093 | D:12     | Reached skill level 5 in Evocations
 15146 | D:12     | Reached skill level 5 in Translocations
 15558 | D:12     | Reached skill level 1 in Long Blades
 15558 | D:12     | Reached skill level 5 in Dodging
 15558 | D:12     | Reached XP level 13. HP: 39/67 MP: 26/26
 15842 | D:12     | Reached skill level 10 in Transmutations
 16032 | D:12     | Found a staircase to the Orcish Mines.
 16562 | D:12     | Killed Josephine
 16564 | D:12     | Reached skill level 9 in Spellcasting
 16894 | Orc:1    | Entered Level 1 of the Orcish Mines
 16900 | Orc:1    | Noticed Snorg
 16912 | Orc:1    | Killed Snorg
 17226 | Orc:1    | Identified the +1 robe of Decompression {Rampage rF+}
                  | (Okawaru gifted it to you on level 1 of the Orcish Mines)
 17226 | Orc:1    | Received a gift from Okawaru
 17227 | Orc:1    | Reached skill level 10 in Stealth
 17719 | Orc:2    | Entered Level 2 of the Orcish Mines
 18261 | Orc:2    | Found a staircase to the Elven Halls.
 20318 | Orc:2    | Reached skill level 1 in Armour
 20481 | Orc:2    | Reached XP level 14. HP: 64/72 MP: 7/28
 20488 | Orc:2    | Gained mutation: You occasionally lose the ability to read
                  | scrolls when taking damage. [a neqoxec]
 20657 | Orc:2    | Found Azar's Magic Scroll Shoppe.
 20657 | Orc:2    | Found Lyokhlij's Assorted Antiques.
 20659 | Orc:2    | Found Vurimuv's Armour Shoppe.
 20659 | Orc:2    | Found Cuhig's Antique Armour Boutique.
 20676 | Orc:2    | Bought a scroll of identify for 32 gold pieces
 20676 | Orc:2    | Bought a scroll of identify for 32 gold pieces
 20677 | Orc:2    | Identified a scroll of acquirement
 20683 | Orc:2    | Bought a glowing cabochon ring for 180 gold pieces
 20683 | Orc:2    | Acquired 496 gold pieces
 20899 | D:5      | Bought 3 scrolls of identify for 78 gold pieces
 20899 | D:5      | Bought a scroll of identify for 26 gold pieces
 20934 | D:3      | Bought the ring of Ibreofob {Wiz +Blink rPois rC+ Dex+3}
                  | for 676 gold pieces
 21000 | D:1      | Bought a book of Minor Magic for 198 gold pieces
 21004 | D:1      | Learned a level 3 spell: Mephitic Cloud
 21068 | D:3      | Bought a book of Dreams for 192 gold pieces
 21071 | D:3      | Learned a level 2 spell: Ensorcelled Hibernation
 21076 | D:3      | Learned a level 4 spell: Anguish
 21207 | Lair:1   | Entered Level 1 of the Lair of Beasts
 21285 | Lair:1   | Reached skill level 10 in Spellcasting
 21327 | Lair:1   | Reached skill level 1 in Air Magic
 21429 | Lair:1   | Reached skill level 1 in Hexes
 21636 | Lair:1   | Acquired the +8 arc blade {discharge, rElec}
 21636 | Lair:1   | Found the +8 arc blade {discharge, rElec}
 21877 | Lair:1   | Lost mutation: You occasionally lose the ability to read
                  | scrolls when taking damage. [potion of mutation]
 21877 | Lair:1   | Gained mutation: You are agile. (Dex +4, Str/Int -1)
                  | [potion of mutation]
 22042 | Lair:1   | Found a runed translucent door.
 22042 | Lair:1   | Found a shimmering altar of Xom.
 22042 | Lair:1   | Noticed kickassninja's ghost (journeyman GrEE)
 22468 | Lair:2   | Received a gift from Okawaru
 22900 | Lair:2   | Got the Compilation of Direction and Transition
 23496 | Lair:3   | Found a staircase to the Snake Pit.
 23778 | Lair:3   | Found a staircase to the Swamp.
 24259 | Lair:3   | Learned a level 3 spell: Ignite Poison
 24325 | Lair:3   | Received a gift from Okawaru
 24554 | Lair:4   | Reached skill level 1 in Ice Magic
 24826 | Lair:4   | Identified the scarf of Surprise {repulsion, Str+4}
                  | (Okawaru gifted it to you on level 4 of the Lair of Beasts)
 24826 | Lair:4   | Received a gift from Okawaru
 26021 | Lair:5   | Entered Level 5 of the Lair of Beasts
 26301 | Lair:5   | Reached skill level 1 in Poison Magic
 26363 | Lair:5   | Found a viscous altar of Jiyva.
 26363 | Lair:5   | Found a staircase to the Slime Pits.
 26406 | Lair:5   | Reached skill level 11 in Spellcasting
 26607 | Lair:5   | Reached skill level 5 in Hexes
 26763 | Lair:5   | Reached XP level 15. HP: 78/78 MP: 31/31
 27264 | Lair:5   | Identified the +7 quick blade of Dishonesty {heavy, *Rage
                  | rPois rC+++ rN+} (Okawaru gifted it to you on level 5 of
                  | the Lair of Beasts)
 27264 | Lair:5   | Received a gift from Okawaru
 27764 | Lair:5   | Found a corrupted altar of Lugonu.
 27764 | Lair:5   | Found a one-way gate to the infinite horrors of the Abyss.
 28142 | Lair:5   | Upgraded the game from 0.31-a0-655-gf2d5465 to
                  | 0.31-a0-661-g7db66e5
 28382 | D:3      | Bought the ring "Itzaumee" {rCorr Int+6 Dex+3} for 603 gold
                  | pieces
 28804 | D:13     | Found Agoonn's Alliterative Accessories.
 29028 | D:13     | Received a gift from Okawaru
 29102 | D:13     | Found a gate to the Vaults.
 29243 | D:13     | Found Tubosede's Book Shoppe.
 29335 | D:13     | Received a gift from Okawaru
 29684 | D:14     | Found a transporter.
 29692 | D:14     | Noticed Radamante's ghost (journeyman MiFi)
 29696 | D:14     | Found a transporter.
 29716 | D:14     | Noticed a tentacled starspawn
 29779 | D:14     | Noticed Rupert
 29834 | D:14     | Found a shadowy altar of Dithmenos.
 29844 | D:14     | Noticed Roxanne
 29874 | D:14     | Killed Rupert
 30239 | D:14     | Learned a level 3 spell: Vampiric Draining
 30546 | D:14     | Killed Roxanne
 30572 | D:15     | Entered Level 15 of the Dungeon
 30752 | D:15     | Reached skill level 12 in Spellcasting
 31524 | D:15     | Reached skill level 10 in Invocations
 31575 | D:15     | Found a staircase to the Depths.
 31986 | D:12     | Learned a level 5 spell: Freezing Cloud
 32230 | Snake:1  | Entered Level 1 of the Snake Pit
 32492 | Snake:1  | Reached XP level 16. HP: 82/84 MP: 7/33
 32680 | Snake:1  | You fall into a shaft and drop 1 floor!
 32720 | Snake:2  | Reached skill level 1 in Necromancy
 32747 | Snake:2  | Identified the +0 robe of Noughts and Crosses {Rampage
                  | Dex+2 Slay+3} (Okawaru gifted it to you on level 2 of the
                  | Snake Pit)
 32747 | Snake:2  | Received a gift from Okawaru
 33231 | Snake:1  | Upgraded the game from 0.31-a0-661-g7db66e5 to
                  | 0.31-a0-664-g902f515
 33838 | Snake:2  | Acquired the ring "Ocunen" {*Slow rF++ AC+4}
 34720 | Snake:2  | Reached skill level 5 in Conjurations
 34720 | Snake:2  | Reached skill level 10 in Translocations
 35568 | Snake:3  | Identified the amulet "Laurchuaph" {Reflect rF+ Regen+
                  | Int-2 Slay+5 SH+5}
 35665 | Snake:3  | Received a gift from Okawaru
 35665 | Snake:3  | Found the +5 robe of Night {Dark Will+ SInv}
 36046 | Snake:3  | Reached skill level 13 in Spellcasting
 36273 | Snake:3  | Reached skill level 10 in Fighting
 37548 | Snake:3  | Reached XP level 17. HP: 80/89 MP: 19/35
 37548 | Snake:3  | Reached ****** piety under Okawaru
 37920 | Snake:4  | Entered Level 4 of the Snake Pit
 37928 | Snake:4  | Identified the +4 short sword of Esogef {freeze, rCorr
                  | Dex+5} (Okawaru gifted it to you on level 4 of the Snake
                  | Pit)
 37928 | Snake:4  | Received a gift from Okawaru
 38654 | Snake:4  | Identified the ring of Lugonu's Delight {Fly rC+ rCorr
                  | Int+4 Stlth-}
 38812 | Snake:4  | Noticed Vashnia
 38846 | Snake:4  | Killed Vashnia
 39052 | Snake:4  | Reached skill level 10 in Hexes
 39055 | Snake:4  | Found a large runed translucent door.
 39055 | Snake:4  | Found a large runed translucent door.
 39055 | Snake:4  | Noticed Xakkaofoa's ghost (adept MeFi)
 39192 | Snake:4  | Noticed Kirke
 39228 | Snake:4  | Killed Kirke
 39651 | D:13     | Bought a scroll of acquirement for 624 gold pieces
 39651 | D:13     | Acquired a +0 buckler of protection
 39931 | Lair:1   | Killed kickassninja's ghost
 40143 | Snake:4  | Received a gift from Okawaru
 40150 | Snake:4  | Reached skill level 1 in Shields
 40548 | Snake:4  | Received a gift from Okawaru
 40773 | Snake:4  | Reached skill level 5 in Necromancy
 41188 | Snake:4  | Learned a level 7 spell: Enfeeble
 41609 | Snake:4  | Reached skill level 14 in Spellcasting
 41751 | Snake:4  | Got a serpentine rune of Zot
 41980 | Snake:4  | Killed Xakkaofoa's ghost
 41980 | Snake:4  | Identified the +2 hat of the Ward {Harm Rampage Str-5 Int+2
                  | Dex+5} (Okawaru gifted it to you on level 4 of the Snake
                  | Pit)
 41980 | Snake:4  | Received a gift from Okawaru
 42439 | Elf:1    | Entered Level 1 of the Elven Halls
 42584 | Elf:1    | Reached XP level 18. HP: 95/95 MP: 13/37
 43206 | Elf:1    | Found Moomne's Book Emporium.
 43206 | Elf:1    | Found Tafit's Book Emporium.
 43207 | Elf:1    | Found Sepnukh's Jewellery Boutique.
 43938 | Elf:2    | Reached skill level 5 in Air Magic
 44783 | Elf:2    | Found a runed translucent gate.
 44783 | Elf:2    | Found a runed translucent gate.
 44783 | Elf:2    | Found a runed translucent gate.
 44998 | Elf:3    | Entered Level 3 of the Elven Halls
 45241 | Elf:3    | Noticed Louise
 45257 | Elf:3    | Killed Louise
 45838 | Elf:3    | Received a gift from Okawaru
 45840 | Elf:3    | Killed from afar by a deep elf sorcerer

Illustrated notes

Levels and vault maps discovered:
D:1:      nicolae_arrival_washed_ashore, layout_rooms,
          ebering_ecumenical_altar_webs, serial_shops, shop,
          nicolae_shop_tiny_waterfront, shop, nicolae_shop_statue_plus, shop
D:2:      layout_basic, basic_altar, nicolae_figureground_pulse, uniq_jessica,
          uniq_crazy_yiuf_cottage
D:3:      layout_basic, cheibriados_altar_1, nicolae_tso_swordbearing_angel,
          amcnicky_altar_gilded, serial_shops, shop, shop, shop, shop,
          minmay_box_of_dots
D:4:      layout_gridville, chequers_temple_overflow_minitemple,
          kennysheep_mini, mainiacjoe_overflow_alcove_4
D:5:      minmay_clustersquares, layout_loops_ring, temple_statues,
          serial_shops, nicolae_shop_hallway_plus
D:6:      layout_basic, makhleb_blood_cavern_becter
D:7:      layout_loops_cross, lemuel_doored_altar
D:8:      layout_basic, lemuel_crystal_altar, lair_entry_dummy, minivault_23,
          minmay_hollow_rounded_squares, uniq_joseph
D:9:      minmay_bubble_buster, layout_loops_corners,
          mainiacjoe_overflow_boulevard, gammafunk_ghost_hydra_chop,
          dk_noncrumbling_3
D:10:     layout_irregular_city, nicolae_ru_awakened_eye, grunt_ministairs_5,
          minivault_16, minmay_bent
D:11:     layout_loops_corners, fedhas_altar_2, uniq_grum
D:12:     layout_cave_pods, erik_orc_2, uniq_josephine
D:13:     layout_basic, erik_vaults_2, serial_shops, nicolae_square_shop,
          nicolae_alphabet_shops, laboratory
D:14:     layout_grid_maze, gammafunk_ghost_abyssal_escape,
          hangedman_decor_riveting, grunt_dithmenos_shadows, uniq_rupert,
          uniq_roxanne
D:15:     gammafunk_enter_depths_forms, layout_stronghold,
          hangedman_abyss_or_decor_stagger
Temple:   hellmonk_temple_rainy
Lair:1:   layout_chaotic_city, ebering_ghost_xom
Lair:2:   layout_chaotic_city, nicolae_quartered_pool_super,
          minmay_lair_oklob_bushes, grunt_megastairs_4, serial_bayou_shore_b
Lair:3:   layout_loops_ring, alex1729_swamp_entry_worm_eleionoma,
          dummy_snake_entry, lemuel_fruit_fields
Lair:4:   layout_long_grid, cheibrodos_lair_lostbears, grunt_megastairs_1
Lair:5:   hellmonk_lair_end_abyssal_woods, layout_loops_ring, slime_entry_1,
          patterned_corridor
Snake:1:  layout_misc_corridors, serial_bayou_lagoon_a
Snake:2:  layout_onion_interference, nicolae_snake_lava_pool
Snake:3:  layout_honeycomb
Snake:4:  snake_pit_salamanders_mu, layout_grid_shapes,
          ebering_ghost_disaster_area, uniq_vashnia, uniq_kirke
Orc:1:    layout_caves, uniq_snorg
Orc:2:    grunt_orc_tribal_feast, layout_caves, basic_altar
Elf:1:    elf_arrival_001, layout_gridlike, serial_sigils,
          serial_sigils_hangedman_shear, serial_sigils_hangedman_shear,
          serial_sigils_hangedman_gnaw, serial_sigils_hangedman_confine,
          grunt_ministairs_11, minmay_shop_grove
Elf:2:    elven_hall_of_blades_hangedman_original [mumra_blade_entry_dagger],
          layout_loops_corners, nicolae_elf_vaults_five_recruitment_drive
Elf:3:    minmay_elf_hall, layout_geoelf_grid, uniq_louise

Skill      XL: |  1  2  3  4  5  6  7  8  9 10 11 12 13 14 15 16 17 18 |
---------------+-------------------------------------------------------+-----
Stealth        | 6 7 8 9 10 | 10.0
Spellcasting   | 1 2 3 4 5 6 7 8 9 11 12 13 14 | 14.5
Fighting       | 2 3 4 5 6 7 8 9 10 | 10.9
Ranged Weapons | 1 2 3 4 5 6 7 |  7.2
Short Blades   | 3 4 5 6 7 8 9 |  9.6
Transmutations | 1 2 3 4 6 7 8 9 10 | 10.7
Earth Magic    | 1 2 3 4 5 6 7 |  7.0
Throwing       | 3 4 5 |  5.4
Invocations    | 1 2 3 5 6 7 8 10 11 12 | 12.3
Dodging        | 2 3 5 6 7 |  7.5
Conjurations   | 1 2 3 4 5 6 7 |  7.1
Evocations     | 4 6 7 9 |  9.7
Translocations | 3 6 8 9 10 | 10.7
Long Blades    | 1 |  1.3
Armour         | 1 2 3 |  3.1
Air Magic      | 2 3 4 5 |  5.2
Hexes          | 5 7 9 10 11 | 11.1
Ice Magic      | 1 3 |  3.2
Poison Magic   | 1 2 |  2.0
Necromancy     | 3 5 6 |  6.1
Shields        | 2 3 |  3.3
Staves         | |  0.1
Fire Magic     | |  0.3

Action                     |  1- 3 |  4- 6 |  7- 9 | 10-12 | 13-15 | 16-18 || total
---------------------------+-------+-------+-------+-------+-------+-------++-------
  Melee: Dagger            |    40 |    44 |    40 |   284 |   286 |       ||   694
         Punch             |       |     1 |       |     7 |    22 |     7 ||    37
         Quarterstaff      |       |       |       |     9 |       |       ||     9
         Eveningstar       |       |       |       |     2 |       |       ||     2
         Rapier            |       |       |       |       |   543 |   503 ||  1046
         Quick blade       |       |       |       |       |       |    10 ||    10
   Fire: Arbalest          |     9 |    35 |    55 |   125 |    70 |    23 ||   317
  Throw: Dart              |    12 |    26 |    50 |    99 |   238 |    17 ||   442
         Boomerang         |       |       |       |     2 |       |    45 ||    47
   Cast: Sandblast         |       |    20 |    36 |    36 |    11 |       ||   103
         Passwall          |       |     3 |     3 |     5 |    18 |     8 ||    37
         Stone Arrow       |       |       |    26 |   130 |   210 |   109 ||   475
         Vhi's Electric Ch |       |       |       |       |    80 |    39 ||   119
         Mephitic Cloud    |       |       |       |       |    95 |    19 ||   114
         Ensorcelled Hiber |       |       |       |       |    33 |    46 ||    79
         Anguish           |       |       |       |       |    16 |    46 ||    62
         Ignite Poison     |       |       |       |       |    12 |       ||    12
         Freezing Cloud    |       |       |       |       |     1 |    96 ||    97
         Vampiric Draining |       |       |       |       |       |    32 ||    32
 Invoke: Heroism           |       |       |     5 |    12 |    13 |     4 ||    34
         Finesse           |       |       |       |     6 |     2 |       ||     8
Ability: Evoke Blink       |       |       |       |       |     3 |     2 ||     5
  Evoke: Tin of tremorston |       |       |       |     4 |     4 |     5 ||    13
         Wand              |       |       |       |     3 |     5 |    14 ||    22
    Use: Scroll            |       |       |     8 |     6 |    22 |     8 ||    44
         Potion            |       |       |       |     4 |     4 |     5 ||    13
   Stab: Sleeping          |     6 |     9 |    10 |    12 |    46 |    58 ||   141
         Fleeing           |       |       |     1 |       |       |       ||     1
         Invisible         |       |       |       |     4 |     3 |     1 ||     8
         Distracted        |       |       |       |     1 |     2 |       ||     3
         Confused          |       |       |       |       |    44 |    13 ||    57
         Petrified         |       |       |       |       |     1 |       ||     1
 Armour: Robe              |     4 |     5 |     8 |    32 |     4 |   135 ||   188
         Troll leather arm |       |       |       |       |   104 |    74 ||   178
  Dodge: Dodged            |    16 |    25 |    44 |   233 |   659 |   387 ||  1364
         Repelled          |       |       |       |       |       |    14 ||    14
  Block: Other             |       |       |       |       |       |    21 ||    21
         Reflection        |       |       |       |       |       |    23 ||    23
         Buckler           |       |       |       |       |       |    60 ||    60

Table legend: (Time is in decaauts)
 A = Elapsed time spent in this place.
 B = Non-inter-level travel time spent in this place.
 C = Inter-level travel time spent in this place.
 D = Time resting spent in this place.
 E = Time spent auto-exploring this place.
 F = Levels seen in this place.
 G = Mean time per level.
                   A        B        C        D        E       F      G
               +--------+--------+--------+--------+--------+-----+--------+
         Total |  34505 |  31138 |   3367 |    768 |  20899 |  30 | 1150.2 |
       Dungeon |  15675 |  13459 |   2216 |    167 |   8253 |  15 | 1045.0 |
        Temple |     10 |     10 |      0 |      0 |      0 |   1 |   10.0 |
          Lair |   5644 |   5095 |    549 |     25 |   3949 |   5 | 1128.8 |
     Snake Pit |   7635 |   7323 |    312 |    205 |   5248 |   4 | 1908.8 |
  Orcish Mines |   3086 |   2960 |    126 |    336 |   1753 |   2 | 1543.0 |
   Elven Halls |   2453 |   2290 |    163 |     35 |   1695 |   3 |  817.7 |
               +--------+--------+--------+--------+--------+-----+--------+

Top non-repeatable levels by time:
 Snake:4: 2771 daAuts
     D:9: 2113 daAuts
 Snake:3: 2076 daAuts
    D:12: 2069 daAuts
   Orc:2: 2024 daAuts
     D:8: 1916 daAuts
 Snake:2: 1694 daAuts
  Lair:5: 1636 daAuts
  Lair:4: 1284 daAuts
   Elf:1: 1132 daAuts
 Snake:1: 1094 daAuts
   Orc:1: 1061 daAuts
     D:4: 1044 daAuts
    D:11: 1040 daAuts
  Lair:1: 1007 daAuts
